 Dungeon Sprint DCSS version 0.25.1-1-g288607f5aa (webtiles) character file.

Game seed: 6327873295197593820

12 MordorOrchid the Insei (level 6, -2/51 HPs)
             Began as a Gnoll Transmuter on July 23, 2020.
             Was an Initiate of Gozag.
             Slain by Crazy Yiuf
             ... wielding a +3 quarterstaff of chaos
              (9 damage)
             ... in the Dungeon (Sprint VI: "Thunderdome").
             The game lasted 00:02:21 (229 turns).

MordorOrchid the Insei (Gnoll Transmuter)            Turns: 229, Time: 00:02:22

Health: -2/51      AC:  9    Str: 19    XL:     6   Next: 32%
Magic:  24/24      EV: 17    Int: 17    God:    Gozag
Gold:   463        SH:  0    Dex: 18    Spells: 17/18 levels left

rFire    + . .     SeeInvis .   p - +1 scythe (protect)
rCold    + + .     Gourm    .   (shield currently unavailable)
rNeg     . . .     Faith    .   b - +0 robe
rPois    +         Spirit   .   (no helmet)
rElec    +         Reflect  +   (no cloak)
rCorr    .         Harm     .   (no gloves)
MR       +....     NoTele   +   (no boots)
Stlth    +++++.....             o - amulet "Vugaibul" {Reflect *Drain rC+ Dex+3 SH+5 Stlth+}
HPRegen  0.17/turn              i - ring "Vecwist" {rElec rF+ rC+ MR+ Stlth+}
MPRegen  0.19/turn              n - ring "Poifeug" {Wiz *Contam rPois MP+9 Str+6}

@: mighty, protection aura
A: distributed training, fangs 1, strong nose
a: Potion Petition, Call Merchant, Bribe Branch, Renounce Religion


You were in the Dungeon.
You worshipped Gozag.
Gozag was aware of your devotion.
You were not hungry.

You visited 1 branch You collected 598 gold pieces.
You spent 135 gold pieces at shops.

Inventory:

Hand Weapons
 p - a +1 scythe of protection (weapon)
Missiles
 a - 12 arrows
Armour
 b - a +0 robe (worn)
Jewellery
 i - the ring "Vecwist" (left hand) {rElec rF+ rC+ MR+ Stlth+}
   (You bought it in a shop in the Dungeon)

   [ring of protection from cold]

   It protects you from fire.
   It protects you from cold.
   It insulates you from electricity.
   It affects your resistance to hostile enchantments.
   It makes you more stealthy.
 n - the ring "Poifeug" (right hand) {Wiz *Contam rPois MP+9 Str+6}
   (You bought it in a shop in the Dungeon)

   [ring of wizardry]

   It improves your spell success rate.
   It affects your strength (+6).
   It protects you from poison.
   It affects your magic capacity (+9).
   It causes magical contamination when unequipped.
 o - the amulet "Vugaibul" (around neck) {Reflect *Drain rC+ Dex+3 SH+5 Stlth+}
   (You bought it in a shop in the Dungeon)

   [amulet of reflection]

   It shields you and reflects attacks.
   It affects your dexterity (+3).
   It protects you from cold.
   It causes draining when unequipped.
   It affects your SH (+5).
   It makes you more stealthy.
Wands
 k - a wand of acid (5)
 l - a wand of iceblast (4)
Scrolls
 j - 4 scrolls of blinking
 m - 3 scrolls of fog
Potions
 c - 2 potions of resistance
 e - a potion of curing
 f - 4 potions of heal wounds
 g - 4 potions of haste
 h - 2 potions of magic
Comestibles
 d - a ration


   Skills:
 + Level 5.1 Fighting
 + Level 4.3 Short Blades
 + Level 4.3 Long Blades
 + Level 4.3 Axes
 + Level 4.3 Maces & Flails
 + Level 4.3 Polearms
 + Level 4.3 Staves
 + Level 4.3 Slings
 + Level 4.3 Bows
 + Level 4.3 Crossbows
 + Level 4.3 Throwing
 + Level 4.3 Armour
 + Level 6.3 Dodging
 + Level 4.3 Stealth
 + Level 4.3 Shields
 + Level 7.9 Unarmed Combat
 + Level 6.7 Spellcasting
 + Level 3.5 Conjurations
 + Level 3.5 Hexes
 + Level 3.5 Charms
 + Level 3.5 Summonings
 + Level 3.5 Necromancy
 + Level 3.5 Translocations
 + Level 5.3 Transmutations
 + Level 3.5 Fire Magic
 + Level 3.5 Ice Magic
 + Level 3.5 Air Magic
 + Level 3.5 Earth Magic
 + Level 3.5 Poison Magic
 + Level 4.7 Invocations
 + Level 4.3 Evocations


You had 17 spell levels left.
You knew the following spells:

 Your Spells              Type           Power        Failure   Level  Hunger
a - Beastly Appendage     Tmut           ###...       1%          1    None

Your spell library contained the following spells:

 Spells                   Type           Power        Failure   Level  Hunger
 Sticks to Snakes         Tmut           ###.....     1%          2    None
 Spider Form              Tmut/Pois      ###.......   2%          3    ##.....
 Ice Form                 Ice/Tmut       ###.....     8%          4    ####...
 Blade Hands              Tmut           ###.......   16%         5    #####..


Dungeon Overview and Level Annotations

Branches:
Dungeon (1/1)

Altars:
Cheibriados
Dithmenos
Fedhas
Gozag
Kikubaaqudgha
Makhleb
Okawaru
Qazlal
Ru
Sif Muna
Trog
Uskayaw
Vehumet
Wu Jian
Xom
Yredelemnul
Zin
The Shining One
Beogh
Jiyva
Lugonu

Shops:
D *[%??*?*:[((!!!!

Annotations:
D Crazy Yiuf


Innate Abilities, Weirdness & Mutations

Your experience applies equally to all skills.
You have very sharp teeth.
Your uncanny sense of smell can sniff out nearby items.


Message History

r - Retreat! s - Stop attacking. g - Guard the area. f - Follow me.
Anything else - Cancel.
You bark for attention!
Attack whom?
Press: ? - help, Dir - move target cursor, f - Crazy Yiuf
Aim: Crazy Yiuf, wielding a +3 quarterstaff of chaos and wearing a +2 cloak You reach to attack!
You barely miss Crazy Yiuf. 10...
Crazy Yiuf says, "Cholesterol!"
Crazy Yiuf says, "Buddy!
Goober turtle childish."
Crazy Yiuf hits you with a +3 quarterstaff of chaos!
* * * LOW HITPOINT WARNING * * *
You feel very mighty all of a sudden.
You hit Crazy Yiuf.
Your weapon exudes an aura of protection.
Crazy Yiuf is lightly wounded.
Crazy Yiuf hits you with a +3 quarterstaff of chaos!
You die...
Your body crumbles into a pile of gold.

#.....# ##.....## ##∩.....∩##
#∩.......∩# #_......._#
#_........# #_......._#
###....g@...### #⌠....)......⌠#
######.8.........8.######
##∩___......###......_._∩##
###∩........8.# #.8........∩###
#.............###.............##
⌠..........###...###..........⌠#
⌠..........# #.<.# #..........⌠#
⌠..........###...###..........⌠#


You could see Crazy Yiuf.

Vanquished Creatures
  Sigmund (D)
  3 gnoll shamans (D)
  A worker ant (D)
  A gnoll (D)
  An adder (D)
  2 hobgoblins (D)
9 creatures vanquished.

Notes
Turn   | Place    | Note
-------+----------+-------------------------------------------
     0 | D        | MordorOrchid the Gnoll Transmuter began the quest for the
                  | Orb.
     0 | D        | Reached XP level 1. HP: 17/17 MP: 6/6
     1 | D        | Found a sacrificial altar of Ru.
     1 | D        | Found an ancient bone altar of Kikubaaqudgha.
     3 | D        | Found a basalt altar of Yredelemnul.
     3 | D        | Found a burning altar of Makhleb.
     4 | D        | Found a shimmering altar of Xom.
     4 | D        | Found an ornate altar of the Wu Jian Council.
     4 | D        | Found Qemaj's Staff Store.
     4 | D        | Found Wefizxay's Magic Scroll Shop.
     5 | D        | Found Sulo's Must-Have Magic.
     5 | D        | Found Muox's Magic Scroll Shop.
     5 | D        | Round 1.
     7 | D        | Found a shimmering blue altar of Sif Muna.
     8 | D        | Found a shadowy altar of Dithmenos.
     9 | D        | Found a radiant altar of Vehumet.
    10 | D        | Found Ricrabb's Delicious Food.
    10 | D        | Found a corrupted altar of Lugonu.
    10 | D        | Found a hide-covered altar of Uskayaw.
    10 | D        | Found a bloodstained altar of Trog.
    10 | D        | Found Banluump's Identification Station.
    11 | D        | Found Iptoes's Jewellery.
    11 | D        | Found Ysid's Advanced Armour.
    14 | D        | Found a blossoming altar of Fedhas.
    15 | D        | Found a snail-covered altar of Cheibriados.
    16 | D        | Found an iron altar of Okawaru.
    17 | D        | Found a viscous altar of Jiyva.
    17 | D        | Found a roughly hewn altar of Beogh.
    17 | D        | Found a glowing golden altar of the Shining One.
    17 | D        | Found Asooth's Premium Goods.
    17 | D        | Found Loejuhoo's Weapon Rack.
    18 | D        | Found Pidaic's Miscellaneous Merchandise.
    18 | D        | Found Zougaasu's Basic Armour.
    22 | D        | Found a stormy altar of Qazlal.
    23 | D        | Reached skill level 1 in Short Blades
    23 | D        | Reached skill level 1 in Long Blades
    23 | D        | Reached skill level 1 in Axes
    23 | D        | Reached skill level 1 in Maces & Flails
    23 | D        | Reached skill level 1 in Polearms
    23 | D        | Reached skill level 1 in Staves
    23 | D        | Reached skill level 1 in Slings
    23 | D        | Reached skill level 1 in Bows
    23 | D        | Reached skill level 1 in Crossbows
    23 | D        | Reached skill level 1 in Throwing
    23 | D        | Reached skill level 1 in Armour
    23 | D        | Reached skill level 1 in Stealth
    23 | D        | Reached skill level 1 in Shields
    23 | D        | Reached skill level 5 in Spellcasting
    23 | D        | Reached skill level 1 in Invocations
    23 | D        | Reached skill level 1 in Evocations
    23 | D        | Reached XP level 2. HP: 23/23 MP: 8/8
    24 | D        | Found an opulent altar of Gozag.
    25 | D        | Found Matil's Do-It-Yourself Clinic.
    26 | D        | Found Ysche Iga's Bottled Wisdom.
    26 | D        | Found Maossaoz's Distillery.
    32 | D        | Became a worshipper of Gozag Ym Sagoz the Greedy
    37 | D        | Found a glowing silver altar of Zin.
    37 | D        | Found Ulovan's Distillery.
    44 | D        | Noticed Sigmund
    54 | D        | Killed Sigmund
    54 | D        | Reached skill level 5 in Dodging
    54 | D        | Reached skill level 7 in Unarmed Combat
    54 | D        | Reached XP level 3. HP: 24/31 MP: 7/10
    54 | D        | Reached XP level 4. HP: 30/38 MP: 8/12
    54 | D        | Reached XP level 5. HP: 33/43 MP: 8/13
    64 | D        | Bought a flickering bone ring for 45 gold pieces
    64 | D        | Bought a steaming tin ring for 45 gold pieces
    64 | D        | Bought a fine steel amulet for 45 gold pieces
    64 | D        | Identified the amulet "Vugaibul" {Reflect *Drain rC+ Dex+3
                  | SH+5 Stlth+} (You bought it in a shop in the Dungeon)
    65 | D        | Identified the ring "Vecwist" {rElec rF+ rC+ MR+ Stlth+}
                  | (You bought it in a shop in the Dungeon)
    66 | D        | Identified the ring "Poifeug" {Wiz *Contam rPois MP+9
                  | Str+6} (You bought it in a shop in the Dungeon)
   131 | D        | Reached skill level 5 in Transmutations
   158 | D        | Arena points: 12 (+12) [x2]
   190 | D        | Round 2.
   202 | D        | Reached XP level 6. HP: 39/50 MP: 15/15
   206 | D        | Reached skill level 5 in Fighting
   218 | D        | Noticed Crazy Yiuf
   229 | D        | Slain by Crazy Yiuf

Illustrated notes

Levels and vault maps discovered:
D:        arena_sprint

Skill      XL: |  1  2  3  4  5  6 |
---------------+-------------------+-----
Short Blades   | 1 3 4 |  4.3
Long Blades    | 1 3 4 |  4.3
Axes           | 1 3 4 |  4.3
Maces & Flails | 1 3 4 |  4.3
Polearms       | 1 3 4 |  4.3
Staves         | 1 3 4 |  4.3
Slings         | 1 3 4 |  4.3
Bows           | 1 3 4 |  4.3
Crossbows      | 1 3 4 |  4.3
Throwing       | 1 3 4 |  4.3
Armour         | 1 3 4 |  4.3
Stealth        | 1 3 4 |  4.3
Shields        | 1 3 4 |  4.3
Spellcasting   | 5 6 |  6.7
Invocations    | 1 3 4 |  4.7
Evocations     | 1 3 4 |  4.3
Fighting       | 4 5 |  5.1
Dodging        | 5 6 |  6.3
Unarmed Combat | 7 |  7.9
Conjurations   | 2 3 |  3.5
Hexes          | 2 3 |  3.5
Charms         | 2 3 |  3.5
Summonings     | 2 3 |  3.5
Necromancy     | 2 3 |  3.5
Translocations | 2 3 |  3.5
Transmutations | 4 5 |  5.3
Fire Magic     | 2 3 |  3.5
Ice Magic      | 2 3 |  3.5
Air Magic      | 2 3 |  3.5
Earth Magic    | 2 3 |  3.5
Poison Magic   | 2 3 |  3.5

Action                   |  1- 3 |  4- 6 || total
-------------------------+-------+-------++-------
Melee: Unarmed           |     6 |     8 ||    14
       Headbutt          |     1 |       ||     1
       Scythe            |       |    19 ||    19
       Bite              |       |     3 ||     3
       Kick              |       |     2 ||     2
 Cast: Beastly Appendage |     1 |     1 ||     2
Evoke: Wand              |     1 |       ||     1
  Use: Potion            |     1 |       ||     1
 Stab: Distracted        |       |     2 ||     2
Armor: Robe              |       |     3 ||     3
Dodge: Dodged            |     1 |    19 ||    20
